 Dungeon Crawl Stone Soup version 0.16.1-11-g651b585 (webtiles) character file.

24833 karlm the Severer (level 12, -4/177 HPs)
             Began as a Minotaur Berserker on Apr 6, 2015.
             Was a High Priest of Trog.
             Slain by a 11-headed hydra (9 damage)
             ... on level 4 of the Lair of Beasts.
             The game lasted 00:29:39 (13853 turns).

karlm the Severer (Minotaur Berserker)             Turns: 13853, Time: 00:29:39

Health: -4/177     AC: 16    Str: 26    XL:     12   Next: 84%
Magic:  5/5        EV: 15    Int:  4    God:    Trog [*****.]
Gold:   808        SH:  0    Dex: 16    Spells: 0 memorised, 11 levels left

rFire  . . .     SeeInvis +     q - +1 battleaxe (chop) {god gift}
rCold  + . .     Clarity  .     G - +4 scale mail of Veopt {SInv}
rNeg   + . .     SustAb   .     (no shield)
rPois  .         Gourm    .     (helmet restricted)
rElec  .         Spirit   .     (no cloak)
rCorr  .         Warding  .     y - +2 pair of gloves
rMut   .         Stasis   .     (no boots)
MR     .....                    (no amulet)
Stlth  ..........               s - ring of positive energy
                                d - ring of protection from cold

@: berserking, very quick, not resistant to hostile enchantments, extremely
unstealthy
A: retaliatory headbutt, horns 2
a: Burn Spellbooks, Berserk, Trog's Hand, Brothers in Arms, Renounce Religion


You were on level 4 of the Lair of Beasts.
You worshipped Trog.
Trog was extremely pleased with you.
You were not hungry.

You visited 3 branches of the dungeon, and saw 16 of its levels.

You collected 905 gold pieces.
You spent 97 gold pieces at shops.

Inventory:

Hand weapons
 q - a +1 battleaxe of chopping (weapon) {god gift}
 t - a cursed +0 blowgun
 N - a +3 war axe of freezing
 R - a +2 antimagic hand axe {god gift}
Missiles
 v - 108 poisoned needles
 B - 13 tomahawks (quivered)
 W - 8 tomahawks of returning
Armour
 r - a +0 pair of gloves
 y - a +2 pair of gloves (worn)
 G - the +4 scale mail of Veopt (worn) {SInv}
   (You found it on level 11 of the Dungeon)

   It enhances your eyesight.
 V - a +0 buckler
Jewellery
 d - a ring of protection from cold (left hand)
 s - a ring of positive energy (right hand)
 T - an uncursed ring of fire
Magical devices
 h - a wand of random effects (27)
 p - a wand of lightning (9)
 I - a wand of confusion (28)
 L - a wand of hasting (9)
Scrolls
 a - a scroll of vulnerability {unknown}
 b - 4 scrolls of teleportation
 j - 5 scrolls of remove curse
 k - a scroll of recharging
 w - 2 scrolls of blinking {unknown}
 D - a scroll of amnesia
 J - 2 scrolls of magic mapping {unknown}
 K - 3 scrolls of identify
 P - 3 scrolls of enchant weapon
 Q - a scroll of acquirement {unknown}
Potions
 g - a potion of might {unknown}
 i - a potion of magic
 m - a potion of cancellation {unknown}
 n - 6 potions of curing
 o - 3 potions of resistance
 u - 3 potions of poison {unknown}
 A - 2 potions of restore abilities
 E - 5 potions of flight
 F - a potion of degeneration {unknown}
 H - 5 potions of heal wounds
 M - a potion of invisibility {unknown}
 U - a potion of agility {unknown}
 Z - 2 potions of haste
Books
 e - a book of Burglary

   Spells                             Type                      Level
   a - Swiftness                      Charms/Air                   2
   b - Passwall                       Transmutation/Earth          3
   c - Passage of Golubria            Translocation                4
   d - Lee's Rapid Deconstruction     Earth                        5
   e - Invisibility                   Hexes                        6
   f - Darkness                       Hexes                        7
   Trog disapproves of the use of such an item.
 f - a book of Spatial Translocations

   Spells                             Type                      Level
   a - Apportation                    Translocation                1
   b - Blink                          Translocation                2
   c - Shroud of Golubria             Charms/Translocation         2
   d - Portal Projectile              Translocation                3
   e - Teleport Other                 Translocation                3
   f - Passage of Golubria            Translocation                4
   Trog disapproves of the use of such an item.
 x - a book of Cantrips

   Spells                             Type                      Level
   a - Corona                         Hexes                        1
   b - Animate Skeleton               Necromancy                   1
   c - Summon Small Mammal            Summoning                    1
   d - Apportation                    Translocation                1
   Trog disapproves of the use of such an item.
Miscellaneous
 O - a plain deck of destruction
Comestibles
 c - 6 bread rations
 l - a beef jerky
 z - a royal jelly
 C - 3 meat rations
 S - 8 chunks of flesh


   Skills:
 * Level 14.8 Fighting
 * Level 15.0 Axes
 + Level 11.0 Armour
 - Level 7.5 Dodging
 + Level 6.5 Shields


You had 11 spell levels left.
You didn't know any spells.

Dungeon Overview and Level Annotations

Branches:
Dungeon (11/15)            Temple (1/1) D:6            Lair (4/8) D:11
    Orc (0/4) D:10
  Swamp: Lair:3-6    Shoals: Lair:3-6     Snake: Lair:3-6    Spider: Lair:3-6

Altars:
Ashenzari
Cheibriados
Dithmenos
Elyvilon
Fedhas
Gozag
Kikubaaqudgha
Makhleb
Nemelex Xobeh
Okawaru
Qazlal
Ru
Sif Muna
Trog
Vehumet
Xom
Yredelemnul
Zin
The Shining One
Jiyva

Shops:
D:9 :*}%:   D:11 :


Innate Abilities, Weirdness & Mutations

You reflexively headbutt those who attack you in melee.
You have a pair of horns on your head.


Message History

* * * LOW HITPOINT WARNING * * *
The ten-headed hydra misses you. The ten-headed hydra barely misses you.
The ten-headed hydra bites you!
* * * LOW HITPOINT WARNING * * *
The ten-headed hydra bites you but does no damage.
The ten-headed hydra bites you!
* * * LOW HITPOINT WARNING * * *
The ten-headed hydra bites you but does no damage. x2
The ten-headed hydra misses you.
You lop one of the ten-headed hydra's heads off!
The nine-headed hydra grows two more!
You slash the 11-headed hydra!
Your headbutt misses the 11-headed hydra.
The 11-headed hydra is heavily wounded.
You barely miss the 11-headed hydra.
The 11-headed hydra is heavily wounded.
The 11-headed hydra bites you.
* * * LOW HITPOINT WARNING * * *
The 11-headed hydra bites you but does no damage. x3
The 11-headed hydra barely misses you. The 11-headed hydra bites you!
You die...

..... ... . # .... ....
.#.... ..# .....# .......
# .......### #.#...#. #
.......#P###.#..#.#. ##
...................###.#
.......D.................
........@.)..............
......../................
........................
........................
.....###..#.##..........
..). ##.####.......... .?
#.. #...###.#.# . ...#
#...###.#.. ...#
#....#.....


You could see a 11-headed hydra.

Vanquished Creatures
  2 hydras
  2 death yaks (Lair:4)
  Nergalle (D:10)
  Pikel (D:4)
  A hill giant (D:8)
  A cyclops (D:11)
  3 elephants (Lair:2)
  Joseph (D:9)
  2 black mambas
  5 spiny frogs
  A gargoyle (D:11)
  3 komodo dragons
  2 two-headed ogres (D:8)
  The ghost of Greenwood the Conjurer, an average OpCj (D:5)
  3 trolls
  A wyvern (D:8)
  A basilisk (Lair:3)
  3 hippogriffs
  9 wolves
  2 deep elf magi
  33 yaks
  Grum (D:8)
  2 wargs (D:10)
  Edmund (D:5)
  Menkaure (D:6)
  6 water moccasins
  4 porcupines
  Purgy (D:4)
  An orc warrior (D:10)
  3 sky beasts
  A phantom (D:7)
  4 ogres
  6 centaurs
  Sigmund (D:6)
  Duvessa (D:6)
  4 crocodiles
  3 big kobolds (D:8)
  2 gnoll sergeants
  Blork the orc (D:6)
  9 giant frogs
  A wyvern zombie (D:9)
  9 scorpions
  14 killer bees
  6 wights
  Dowan (D:6)
  3 crimson imps
  3 orc priests
  A giant frog zombie (D:9)
  5 hounds
  A jelly (D:9)
  4 centaur skeletons
  3 orc wizards
  10 worker ants
  A two-headed ogre skeleton (D:8)
  14 iguanas
  A hell rat (D:11)
  9 sheep
  Ijyb (D:7)
  A mummy (D:6)
  A hound skeleton (D:6)
  18 gnolls
  3 worker ant zombies
  12 adders
  27 river rats
  2 shadow imps
  7 giant mites
  2 worms
  An adder zombie (D:8)
  4 giant geckos
  2 oozes
  28 orcs
  A ball python (D:3)
  14 bats
  A bat zombie (D:5)
  6 giant cockroaches
  12 hobgoblins
  8 jackals
  12 kobolds
  10 quokkas
  8 giant newts
  A giant spore (D:10)
  14 goblins
  11 rats
  2 spectral orcs (D:10)
  3 fungi
  2 plants (Lair:4)
430 creatures vanquished.

Vanquished Creatures (others)
  A gnoll (D:4)
  An adder (D:4)
  An orc (D:4)
  A giant cockroach (D:4)
  A kobold (D:4)
  A rat (D:4)
  A fungus (Lair:2)
7 creatures vanquished.

Grand Total: 437 creatures vanquished

Notes
Turn   | Place    | Note
--------------------------------------------------------------
     0 | D:1      | karlm, the Minotaur Berserker, began the quest for the Orb.
     0 | D:1      | Reached XP level 1. HP: 19/19 MP: 1/1
   159 | D:1      | Reached XP level 2. HP: 21/27 MP: 1/1
   350 | D:1      | Reached skill level 4 in Axes
   609 | D:1      | Reached XP level 3. HP: 24/33 MP: 2/2
   729 | D:1      | Acquired Trog's second power
  1107 | D:2      | Found an iron altar of Okawaru.
  1200 | D:2      | Reached XP level 4. HP: 36/40 MP: 2/2
  1352 | D:2      | Found a radiant altar of Vehumet.
  1352 | D:2      | Found a burning altar of Makhleb.
  1734 | D:3      | Reached skill level 5 in Axes
  1840 | D:3      | Reached XP level 5. HP: 36/47 MP: 2/2
  1940 | D:3      | Found a white marble altar of Elyvilon.
  2373 | D:4      | Reached skill level 5 in Fighting
  2406 | D:4      | Noticed Purgy
  2414 | D:4      | Killed Purgy
  2414 | D:4      | Reached XP level 6. HP: 56/56 MP: 3/3
  2419 | D:4      | Reached skill level 6 in Axes
  2535 | D:4      | Noticed Pikel
  2536 | D:4      | Noticed a slave
  2536 | D:4      | Noticed a slave
  2537 | D:4      | Noticed a slave
  2545 | D:4      | Killed Pikel
  2545 | D:4      | Reached skill level 7 in Axes
  2545 | D:4      | Reached skill level 5 in Armour
  2545 | D:4      | Reached XP level 7. HP: 64/64 MP: 3/3
  2548 | D:4      | Noticed a freed slave
  2710 | D:4      | Noticed an ogre
  2717 | D:4      | Killed an ogre
  2794 | D:4      | Noticed an ogre
  2802 | D:4      | Killed an ogre
  2802 | D:4      | Reached XP level 8. HP: 38/73 MP: 3/3
  2861 | D:4      | Noticed an ogre
  2864 | D:4      | Killed an ogre
  2934 | D:4      | Found an ancient bone altar of Kikubaaqudgha.
  2937 | D:4      | Found a blossoming altar of Fedhas.
  3097 | D:5      | Entered Level 5 of the Dungeon
  3131 | D:5      | Noticed Greenwood's ghost (average OpCj)
  3142 | D:5      | Killed Greenwood's ghost
  3142 | D:5      | Reached skill level 8 in Axes
  3148 | D:5      | Reached skill level 5 in Dodging
  3220 | D:5      | Noticed Edmund
  3232 | D:5      | Killed Edmund
  3603 | D:5      | Reached skill level 9 in Axes
  4292 | D:6      | Reached XP level 9. HP: 82/82 MP: 4/4
  4361 | D:6      | Found a staircase to the Ecumenical Temple.
  4401 | Temple   | Entered the Ecumenical Temple
  4548 | D:6      | Noticed Menkaure
  4555 | D:6      | Killed Menkaure
  4555 | D:6      | Acquired Trog's third power
  4572 | D:6      | Noticed Blork the orc
  4584 | D:6      | Killed Blork the orc
  4620 | D:6      | Noticed Sigmund
  4621 | D:6      | Noticed Duvessa
  4621 | D:6      | Noticed Dowan
  4635 | D:6      | Killed Duvessa
  4638 | D:6      | Killed Sigmund
  4641 | D:6      | Killed Dowan
  4981 | D:6      | Found a snail-covered altar of Cheibriados.
  4985 | D:6      | Found a basalt altar of Yredelemnul.
  4985 | D:6      | Found a shadowy altar of Dithmenos.
  4998 | D:6      | Found a sparkling altar of Nemelex Xobeh.
  5002 | D:6      | Found an opulent altar of Gozag.
  5214 | D:6      | Reached skill level 10 in Axes
  5553 | D:7      | Reached skill level 10 in Fighting
  5656 | D:7      | Noticed Ijyb
  5667 | D:7      | Killed Ijyb
  6332 | D:8      | Noticed a hill giant
  6337 | D:8      | Killed a hill giant
  6337 | D:8      | Reached XP level 10. HP: 94/94 MP: 4/4
  6506 | D:8      | Reached skill level 11 in Axes
  6671 | D:8      | Found a sacrificial altar of Ru.
  6860 | D:8      | Noticed a three-headed hydra
  6867 | D:8      | Killed an eight-headed hydra
  7051 | D:8      | Noticed Grum
  7075 | D:8      | Killed Grum
  7084 | D:8      | Reached skill level 12 in Axes
  7406 | D:8      | Found a deep blue altar of Sif Muna.
  7472 | D:9      | Found Imunerah's Food Shoppe.
  7569 | D:9      | Noticed Joseph
  7586 | D:9      | Killed Joseph
  7622 | D:9      | Found Goipnuz's Book Shop.
  7762 | D:9      | Reached XP level 11. HP: 78/104 MP: 4/4
  8134 | D:9      | Found Dumnous' General Store.
  8142 | D:9      | Bought a scroll of enchant weapon for 97 gold pieces
  8224 | D:9      | Found Blaamedubbo's Book Emporium.
  8229 | D:9      | Found Pluanurruk's Gadget Shop.
  8314 | D:10     | Entered Level 10 of the Dungeon
  8356 | D:10     | Reached skill level 1 in Shields
  8420 | D:10     | Noticed Nergalle
  8432 | D:10     | Killed Nergalle
  8558 | D:10     | Found a staircase to the Orcish Mines.
  9179 | D:11     | Received a gift from Trog
  9442 | D:11     | Reached skill level 13 in Axes
  9506 | D:11     | Found Qetaph's Book Boutique.
  9612 | D:11     | Found a staircase to the Lair.
  9882 | D:11     | Got an ichor-stained scale mail
  9894 | D:11     | Identified the +4 scale mail of Veopt {SInv} (You found it on level 11 of the Dungeon)
 10189 | Lair:1   | Entered Level 1 of the Lair of Beasts
 10617 | Lair:1   | Reached skill level 10 in Armour
 11090 | Lair:1   | Reached XP level 12. HP: 102/115 MP: 5/5
 11824 | Lair:2   | Reached skill level 5 in Shields
 11855 | Lair:2   | Reached skill level 14 in Axes
 12043 | Lair:2   | Noticed a five-headed hydra
 12055 | Lair:2   | Killed a 12-headed hydra
 12331 | Lair:2   | Got a twisted trident
 12332 | Lair:2   | Identified the cursed -1 trident "Ytoixu Wado" {flame, rPois rN+} (You found it on level 2 of the Lair of Beasts)
 13635 | Lair:4   | Received a gift from Trog
 13779 | Lair:4   | Reached skill level 15 in Axes
 13839 | Lair:4   | Noticed a six-headed hydra
 13853 | Lair:4   | HP: 5/177 [11-headed hydra (5)]
 13853 | Lair:4   | Slain by a 11-headed hydra

Action                   |  1- 3 |  4- 6 |  7- 9 | 10-12 || total
-------------------------+-------+-------+-------+-------++-------
Melee: Hand axe          |   101 |    98 |   309 |   323 ||   831
       War axe           |       |       |       |   336 ||   336
       Battleaxe         |       |       |       |    30 ||    30
Throw: Tomahawk          |       |       |       |     1 ||     1
Invok: Berserk           |       |     2 |     9 |     7 ||    18
  Use: Scroll            |       |       |    14 |     7 ||    21
 Stab: Distracted        |       |     1 |       |       ||     1
  Eat: Chunk             |     1 |     5 |    20 |    31 ||    57
       Beef jerky        |       |       |     1 |       ||     1
